 Dungeon Crawl Stone Soup version 0.26-b1-32-g5d43845318 (webtiles) character file.

Game seed: 753514092486823095

8 raceaflais the Sneak (level 2, 0/17 HPs)
             Began as a Kobold Brigand on Jan 5, 2021.
             Slain by Sigmund
             ... wielding a +0 scythe
              (11 damage)
             ... on level 2 of the Dungeon.
             The game lasted 00:02:14 (893 turns).

raceaflais the Sneak (Kobold Brigand)                Turns: 893, Time: 00:02:15

Health: 0/17       AC:  4    Str:  8    XL:     2   Next: 15%
Magic:  2/2        EV: 14    Int: 12    God:
Gold:   87         SH:  0    Dex: 16    Spells: 1/1 levels left

rFire    . . .     SeeInvis .   a - +2 dagger
rCold    . . .     Faith    .   (shield restricted)
rNeg     . . .     Spirit   .   b - +0 robe
rPois    .         Reflect  .   (no helmet)
rElec    .         Harm     .   c - +1 cloak
rCorr    .         Rampage  .   (no gloves)
Will     .....                  (no boots)
Stlth    ++++......             (no amulet)
HPRegen  0.05/turn              (no ring)
MPRegen  0.08/turn              (no ring)

@: no status effects
A: small, nightstalker 3
a: no special abilities


You were on level 2 of the Dungeon.
You visited 1 branch of the dungeon, and saw 2 of its levels.

You collected 87 gold pieces.

Inventory:

Hand Weapons
 a - a +2 dagger (weapon)
Missiles
 d - 20 poisoned darts (quivered)
 e - 2 curare-tipped darts
 g - 85 stones
 h - 15 arrows
 l - 25 bolts
 o - 6 silver javelins
Armour
 b - a +0 robe (worn)
 c - a +1 cloak (worn)
Jewellery
 f - an uncursed ring of protection from cold {unknown}
 i - an uncursed amulet of reflection {unknown}
Scrolls
 m - 2 scrolls of magic mapping
Potions
 j - 2 potions of haste {unknown}
 k - 2 potions of brilliance {unknown}
 n - a potion of invisibility {unknown}


   Skills:
 + Level 2.1 Fighting
 + Level 3.0 Short Blades
 + Level 2.3 Throwing
 + Level 1.2 Dodging
 + Level 5.7 Stealth


You had one spell level left.
You didn't know any spells.
Your spell library was empty.

Dungeon Overview and Level Annotations

Branches:
Dungeon (2/15)

Altars:

Annotations:
D:2 Sigmund


Innate Abilities, Weirdness & Mutations

You are small and have problems with some larger weapons.
You are completely attuned to the shadows.


Message History

A goblin comes into view. It is wielding a +0 club.
The quokka bites you but does no damage.
The goblin shouts! x2
You hit the quokka.
The quokka is lightly wounded.
Sigmund misses you. The quokka bites you.
You barely miss the quokka.
The quokka is lightly wounded.
A rat comes into view.
A giant cockroach comes into view.
The quokka bites you.
A kobold comes into view. It is wielding a +0 whip.
You closely miss the quokka.
The quokka is lightly wounded.
Sigmund barely misses you. The quokka completely misses you.
You miss the quokka.
The quokka is lightly wounded.
The goblin hits you but does no damage. The quokka misses you.
Sigmund hits you from afar with a +0 scythe!
Ouch! That really hurt!
You die...

#.##....#,,,,,,,,,,,,*
........#,,,,,,,,,,,,***
#.##....#,*,,,,,,,,,,,,*
........#.#........,,,,*
........#.#..........,,*
........#.#..........,,*
........#.#..........,,***
..........'.......K..,,,>*
....#..##.#.....@rr..,,*,*
....#..#..#......gg..,,*+***
....#.....#######@B..,,,,,,*
...###....# *....,,,,,,*
,,,* #+..+# ****....,,,,,,*
**** *,,,,* *,,,,,,,,,,,,,*
**** *,,,**
***,,,,,,,,,,,****** ,,,*
**,** *,*******,,,,,,,,,
**** *,** *,****************


You could see Sigmund, a quokka, a giant cockroach, 2 goblins, a kobold and a
rat.

Vanquished Creatures
  A goblin (D:1)
  A hobgoblin (D:2)
  A ball python (D:1)
  2 bats (D:1)
  2 kobolds (D:1)
  A rat (D:2)
8 creatures vanquished.

Notes
Turn   | Place    | Note
-------+----------+-------------------------------------------
     0 | D:1      | raceaflais the Kobold Brigand began the quest for the Orb.
     0 | D:1      | Reached XP level 1. HP: 12/12 MP: 1/1
   562 | D:1      | Reached XP level 2. HP: 16/17 MP: 2/2
   888 | D:2      | Noticed Sigmund
   893 | D:2      | Slain by Sigmund

Illustrated notes

Levels and vault maps discovered:
D:1:      minmay_arrival_pointy, layout_loops_ring
D:2:      layout_basic, general_overflow_altar, uniq_sigmund,
          uniq_crazy_yiuf_cottage

Skill      XL: |  1  2 |
---------------+-------+-----
Short Blades   | 3 |  3.0
Fighting       | |  2.1
Throwing       | |  2.3
Dodging        | |  1.2
Stealth        | |  5.7

Action                   || total
-------------------------++-------
Melee: Dagger            ||    16
Throw: Dart              ||    14
  Use: Scroll            ||     3
 Stab: Sleeping          ||     3
Armor: Robe              ||     3
Dodge: Dodged            ||    12
